 Dungeon Crawl Stone Soup version 0.16.1-30-g34a7ffa (webtiles) character file.

1408748 ghwc the Intangible (level 27, 159/159 (160) HPs)
             Began as a Spriggan Enchanter on June 21, 2015.
             Was the Champion of Sif Muna.
             Escaped with the Orb
             ... and 3 runes on June 22, 2015!
             The game lasted 06:00:51 (107556 turns).

ghwc the Intangible (Spriggan Enchanter)          Turns: 107556, Time: 06:00:51

HP:   159/159 (160) AC: 29    Str: 11    XL:     27
MP:   48/48         EV: 33    Int: 24    God:    Sif Muna [******]
Gold: 3886          SH: 12    Dex: 21    Spells: 17 memorised, 1 level left

rFire  + + .     SeeInvis +     a - +10 quick blade (elec)
rCold  . . .     Clarity  .     x - +10 pearl dragon armour
rNeg   + . .     SustAb   .     R - +3 buckler {reflect}
rPois  .         Gourm    .     m - +1 hat
rElec  .         Spirit   .     P - +2 cloak {MR+}
rCorr  .         Warding  .     (gloves unavailable)
rMut   .         Stasis   .     (boots unavailable)
MR     +++++                    u - amulet "Trasch" {rF+ Regen+}
Stlth  ++........               v - +6 ring of strength
                                Z - ring of protection from fire

@: very slightly contaminated, very quick, almost entirely resistant to hostile
enchantments, unstealthy
A: unfitting armour, see invisible, herbivore 3, speed 3, slow metabolism 2
a: Channel Energy, Forget Spell, Renounce Religion
0: Orb of Zot
}: 3/15 runes: decaying, serpentine, slimy


You escaped.
You worshipped Sif Muna.
Sif Muna was exalted by your worship.
You were not hungry.

You visited 11 branches of the dungeon, and saw 63 of its levels.
You also visited: Labyrinth, Trove, Sewer, Ossuary, Ice Cave and Volcano.

You collected 8208 gold pieces.
You spent 4322 gold pieces at shops.

Inventory:

Hand weapons
 a - a +10 quick blade of electrocution (weapon)
Armour
 m - a +1 hat (worn)
 x - a +10 pearl dragon armour (worn)
 P - a +2 cloak of magic resistance (worn)
 R - a +3 buckler of reflection (worn)
Rods
 q - a +9 rod of destruction (12/12)
   (You took it off a minotaur in a labyrinth)
Jewellery
 b - an uncursed amulet of resist mutation
 h - the amulet "Iraiger" {Clar rC+ Int+3 Dex+2}
   (You found it in a treasure trove)

   [amulet of clarity]

   It provides mental clarity.
   It affects your intelligence (+3).
   It affects your dexterity (+2).
   It protects you from cold.
 u - the amulet "Trasch" (around neck) {rF+ Regen+}
   (You took it off a vault guard on level 3 of the Vaults)

   [amulet of regeneration]

   It protects you from fire.
   It increases your rate of regeneration.
 v - a +6 ring of strength (right hand)
 w - an uncursed amulet of resist corrosion
 A - an uncursed ring of teleport control
 F - the ring of Psiesajooh {rElec rPois Int+2 Dex+3 Stlth+}
   (You found it on level 6 of the Dungeon)

   [ring of dexterity]

   It affects your intelligence (+2).
   It affects your dexterity (+3).
   It insulates you from electricity.
   It protects you from poison.
   It makes you more stealthy.
 Q - an uncursed ring of protection from cold
 Z - a ring of protection from fire (left hand)
Magical devices
 c - a wand of teleportation (6)
 d - a wand of teleportation (5)
 o - a wand of teleportation (3)
 p - a wand of cold (6)
 r - a wand of teleportation (6)
 s - a wand of fire (7)
 t - a wand of fire (12)
 y - a wand of cold (9)
 E - a wand of invisibility (5)
 U - a wand of cold (6)
Scrolls
 i - a scroll of amnesia
 k - 5 scrolls of fear
 z - 6 scrolls of recharging
 B - 3 scrolls of magic mapping
 G - 29 scrolls of remove curse
 J - 4 scrolls of silence
 N - 22 scrolls of identify
 T - a scroll of holy word
Potions
 f - 2 potions of cancellation
 g - 5 potions of restore abilities
 j - 3 potions of resistance
 L - 3 potions of agility
 M - 2 potions of brilliance
 O - a potion of berserk rage
 S - 9 potions of curing
 W - 4 potions of invisibility
 X - 5 potions of magic
 Y - 4 potions of might
Miscellaneous
 C - a disc of storms
Comestibles
 e - 23 bread rations
 l - 2 fruits
 I - a slice of pizza


   Skills:
 + Level 21.5 Fighting
 - Level 10.0 Short Blades
 - Level 11.0 Armour
 O Level 27 Dodging
 - Level 13.1 Stealth
 - Level 8.0 Shields
 - Level 19.2 Spellcasting
 - Level 7.0 Conjurations
 - Level 12.5 Hexes
 - Level 14.5 Charms
 - Level 13.5 Necromancy
 - Level 7.1 Translocations
 - Level 15.0 Transmutations
 - Level 7.0 Ice Magic
 - Level 3.0 Air Magic
 - Level 8.4 Earth Magic


You had one spell level left.
You knew the following spells:

 Your Spells              Type           Power        Failure   Level  Hunger
a - Animate Dead          Necr           N/A          1%          4    None
b - Petrify               Trmt/Erth      ######..     1%          4    None
c - Haste                 Chrm           #######.     6%          6    ###....
d - Sure Blade            Hex/Chrm       ######....   1%          2    None
e - Dazzling Spray        Conj/Hex       ######..     1%          3    None
f - Metabolic Englaciati  Hex/Ice        ######....   6%          5    None
g - Stoneskin             Trmt/Erth      ######..     1%          2    None
h - Statue Form           Trmt/Erth      ######...    14%         6    ###....
i - Repel Missiles        Chrm/Air       ######       1%          2    None
j - Invisibility          Hex            ######..     12%         6    ###....
k - Passwall              Trmt/Erth      ######....   1%          3    None
l - Spectral Weapon       Hex/Chrm       ######..     1%          3    None
m - Alistair's Intoxicat  Trmt/Pois      ######..     6%          4    None
n - Apportation           Tloc           ######....   1%          1    None
o - Blink                 Tloc           N/A          1%          2    None
p - Dispel Undead         Necr           ######..     1%          5    None
q - Excruciating Wounds   Chrm/Necr      ######....   1%          5    None


Dungeon Overview and Level Annotations

Branches:
Dungeon (15/15)            Temple (0/1) D:7            Lair (8/8) D:8
  Swamp (5/5) Lair:3        Snake (5/5) Lair:5        Slime (6/6) Lair:8
    Orc (4/4) D:9             Elf (3/3) Orc:4        Vaults (4/5) D:13
  Crypt (3/3) Vaults:2       Tomb (0/3) Crypt:3      Depths (5/5) D:15
    Zot (5/5) Depths:5

Altars:
Ashenzari
Cheibriados
Dithmenos
Fedhas
Gozag
Kikubaaqudgha
Makhleb
Ru
Sif Muna
Trog
Vehumet
Yredelemnul
The Shining One
Beogh
Jiyva
Lugonu

Shops:
D:7 }   D:12 (   D:13 [!   Orc:4 %(%}   Elf:1 =   Elf:3 [   Snake:4 *
Vaults:1 (   Vaults:3 :   Vaults:4 (   Depths:1 ?

Portals:
Hell: Depths:1 Depths:2 Depths:3 Depths:4 Depths:5
Abyss: Depths:2 Depths:3 Depths:4 Depths:5
Pandemonium: Orc:4 Depths:1 Depths:3 Depths:4
Ziggurat: Depths:5

Annotations:
D:6 1 runed door
Crypt:2 Khufu
Depths:2 the Enchantress


Innate Abilities, Weirdness & Mutations

You are tiny and cannot use many weapons and most armour.
You have supernaturally acute eyesight.
You are a herbivore.
You cover ground extremely quickly.
You need consume almost no food.


Message History

No target in view!
An adder comes into view.
Your extra speed is starting to run out.
You puncture the worm!
The worm is moderately wounded.
You feel yourself slow down.
There is a stone staircase leading up here.
You climb upwards.
You sense a powerful magical force warping space.
There is a stone staircase leading down here.
Evoke which item? (* to show all) (? for menu, Esc to quit)
Okay, then.
Unknown command.
You see here 27 stones.
A bat comes into view.
You puncture the bat!
There is a sudden explosion of sparks!
You kill the bat!
You see here a bat corpse.
There is a staircase leading out of the dungeon here.
You have escaped!

#..# #####......... #..# ########
#.....>... ##.# ####......####
##........ #.# ##............##
#........ ####.#
#......####....###........
...#.###....#######....##........
...#.##....##.....##...###......#
...#.#....###..##.###..###......#
.....#....##..##@.###..##.......#
.....#....##...#####..###......##
.....#....###...###...##.......#
.....##...(##...†....###......##
.....##.....###....####.......#
.....###.....########........##
.....# ##......####.........##
###..## ##.................## ##
#...## ###.............### #.


There were no monsters in sight!

Vanquished Creatures
  the royal jelly (Slime:6)
  An orb of fire (Zot:5)
  3 ancient liches (Zot:5)
  Sojobo (Depths:4)
  the Lernaean hydra (Swamp:5)
  Norris (Snake:5)
  Saint Roka (Elf:2)
  5 Killer Klowns
  2 curse toes (Zot:4)
  Mara (Snake:4)
  Jory (Vaults:2)
  A profane servitor (Crypt:3)
  3 golden dragons
  3 bone dragons
  Frederick (Vaults:3)
  An electric golem (Zot:5)
  Nikola (Swamp:1)
  The ghost of comborobin the Convoker, a mighty DrSu of Sif Muna (Snake:5)
  17 tentacled monstrosities
  20 Orb Guardians
  Vashnia (Snake:4)
  6 liches
  A quicksilver dragon (Depths:3)
  3 deep elf blademasters
  4 deep elf master archers (Elf:3)
  22 acid blobs
  An Executioner (D:12)
  4 ancient champions (Crypt:3)
  Rupert (Swamp:1)
  2 draconian monks
  2 thorn hunters (Swamp:5)
  The ghost of Frelus the Fencer, a mighty MiBe of Trog (Swamp:4)
  Agnes (Vaults:4)
  2 tengu reavers
  3 shadow dragons
  9 storm dragons
  Kirke (Snake:2)
  Frances (Snake:3)
  A revenant (Crypt:3)
  13 azure jellies
  5 fire giants
  9 frost giants
  5 greater nagas
  Maud (D:15)
  6 emperor scorpions
  An iron dragon (Depths:4)
  6 vault wardens
  4 draconian knights
  A ghost moth (Zot:4)
  Aizul (Snake:4)
  Louise (Swamp:1)
  2 draconian scorchers (Zot:1)
  2 curse skulls
  2 draconian zealots
  4 deep elf sorcerers (Elf:3)
  Jorgrun (Elf:3)
  10 draconian annihilators
  2 ghouls
  The ghost of CcS the Unseen, a mighty SpEn of Kikubaaqudgha (Swamp:4)
  3 spriggan defenders
  15 ironheart preservers
  15 stone giants
  5 draconian callers
  A caustic shrike skeleton (Depths:1)
  5 grey draconians
  11 very ugly things
  3 rakshasas
  8 black draconians
  7 green draconians
  6 mottled draconians
  5 vampire knights
  9 deep elf annihilators
  Azrael (D:14)
  6 deep elf demonologists (Elf:3)
  6 dire elephants
  9 white draconians
  4 pale draconians
  A Killer Klown skeleton (Crypt:2)
  9 red draconians
  5 purple draconians
  4 yellow draconians
  8 ettins
  17 jiangshi
  2 unborn (Crypt:3)
  10 vault guards
  5 eidola
  21 fire dragons
  13 deep elf death magi
  4 death oozes
  A blizzard demon (Depths:4)
  A quicksilver dragon zombie (Crypt:3)
  12 yaktaur captains
  3 minotaurs
  11 death cobs
  5 deep elf high priests
  Fannar (Lair:8)
  13 ogre magi
  6 great orbs of eyes
  4 spriggan air magi
  14 ice dragons
  13 naga warriors
  Nessos (D:14)
  25 hydras
  A monstrous demonspawn (Depths:4)
  A ghost crab (Swamp:3)
  Erica (Lair:2)
  7 anacondas
  14 dancing weapons (Elf:2)
  10 deep troll earth magi
  6 centaur warriors
  3 alligators
  27 death yaks
  8 shock serpents
  4 death knights
  8 deep troll shamans
  3 tengu warriors
  Urug (Elf:1)
  18 naga sharpshooters
  2 vampire magi (Crypt:3)
  25 deep elf knights
  5 spriggan berserkers
  2 soul eaters (Crypt:2)
  Nergalle (Lair:4)
  6 orc high priests
  A sun demon (Depths:4)
  A death scarab (Crypt:2)
  4 iron trolls
  Erolcha (D:12)
  3 salamander mystics
  A death drake (shapeshifter) (Vaults:3)
  34 skeletal warriors
  2 titan skeletons (Crypt:2)
  9 hell knights
  An ice devil (Orc:4)
  A giant orange brain (Depths:3)
  An anaconda zombie (Crypt:3)
  2 gelid demonspawn (Orc:4)
  9 shadow wraiths
  A spriggan druid (Swamp:3)
  9 flayed ghosts
  2 unseen horrors (shapeshifter)
  A torturous demonspawn (Orc:4)
  9 deep elf summoners
  A lindwurm (Zot:5)
  3 naga ritualists
  44 deep trolls
  8 unseen horrors
  4 large abominations
  11 necromancers
  A golden dragon skeleton (Depths:1)
  3 shambling mangroves
  11 swamp dragons
  A wizard (Vaults:3)
  6 hill giants
  2 wolf spider zombies
  17 ironbrand convokers
  3 shining eyes
  12 harpies
  4 wolf spiders
  4 mana vipers
  A draconian (shapeshifter) (Depths:5)
  42 ugly things
  A wolf spider (shapeshifter) (Vaults:3)
  17 deep elf conjurers
  10 orc sorcerers
  13 phantasmal warriors
  3 hornets
  11 orc knights
  A spectral ettin (Crypt:3)
  A tengu skeleton (Depths:1)
  A draconian zombie (Zot:3)
  17 elephants
  3 manticores
  4 cyclopes
  2 sixfirhies
  An iron dragon skeleton (Depths:1)
  A frost giant skeleton (Depths:1)
  11 griffons
  9 salamanders
  A fire giant skeleton (Depths:1)
  21 moths of wrath
  A guardian serpent (Snake:5)
  Maurice (Orc:2)
  20 black mambas
  2 eyes of devastation (Slime:5)
  2 spiny frogs (shapeshifter)
  4 torpor snails
  23 spiny frogs
  A rust devil (Orc:4)
  10 vault sentinels
  3 small abominations
  A red draconian zombie (Crypt:2)
  A dire elephant skeleton (Depths:1)
  15 naga magi
  2 efreet
  4 komodo dragons
  A kobold demonologist (D:15)
  2 demonic crawlers
  An elf (shapeshifter) (Vaults:4)
  5 fire drakes
  A hellwing (Depths:1)
  55 yaktaurs
  A grey draconian skeleton (Crypt:1)
  5 freezing wraiths
  2 tengu conjurers
  4 polar bears
  7 deep elf priests
  4 trolls
  3 blue devils
  2 red devils
  A queen bee (D:14)
  4 giant leeches
  A jumping spider (shapeshifter) (Depths:2)
  Sonja (D:11)
  A baby alligator (shapeshifter) (Vaults:2)
  4 baby alligators (Swamp:3)
  A polar bear (shapeshifter) (Vaults:2)
  A merfolk (D:10)
  2 wandering mushrooms (Zot:4)
  A wolf spider simulacrum (Crypt:3)
  Prince Ribbit (Lair:1)
  A minotaur skeleton (Depths:1)
  21 two-headed ogres
  A blink frog (shapeshifter) (Vaults:4)
  A wind drake (Zot:5)
  8 bog bodies
  83 slime creatures
  A snapping turtle (shapeshifter) (Depths:5)
  8 boulder beetles
  An iron dragon simulacrum (Crypt:2)
  14 ravens
  21 blink frogs
  14 wyverns
  66 flying skulls
  9 wraiths
  12 spriggans
  4 vampires
  3 fire dragon skeletons (Depths:1)
  A redback (shapeshifter) (D:15)
  7 basilisks
  An alligator skeleton (Crypt:2)
  An ettin skeleton (Depths:1)
  27 fire elementals
  11 hungry ghosts
  2 ice dragon skeletons (Depths:1)
  2 water elementals (Depths:3)
  4 air elementals (Depths:5)
  A redback (Elf:3)
  30 yaks
  5 shadows
  3 spriggan skeletons (Depths:1)
  2 neqoxecs
  10 hippogriffs
  6 hogs
  20 deep elf magi
  19 deep elf fighters
  A hippogriff (shapeshifter) (Depths:1)
  32 vampire mosquitoes
  30 wolves
  A mottled dragon (D:12)
  14 insubstantial wisps
  A soldier ant (shapeshifter) (Vaults:1)
  A human (D:10)
  8 wargs
  5 hell hounds
  55 nagas
  A faun skeleton (Crypt:1)
  47 orc warriors
  28 swamp worms
  41 water moccasins
  10 necrophages
  3 sky beasts
  13 swamp drakes
  15 porcupines
  A gelid demonspawn skeleton (Crypt:2)
  A human skeleton (Depths:1)
  A baby alligator skeleton (Crypt:1)
  43 ogres
  A black bear (D:8)
  17 ice beasts
  An eye of draining (Slime:5)
  12 wasps
  8 centaurs
  11 crocodiles
  2 boring beetles
  5 boggarts
  4 phantoms
  A manticore skeleton (Crypt:2)
  5 big kobolds
  2 lost souls (Crypt:2)
  19 giant frogs
  A brain worm (Lair:4)
  5 elf zombies
  2 yaktaur skeletons (Depths:1)
  A salamander zombie (Crypt:1)
  A dryad skeleton (Crypt:2)
  A fulminant prism (Swamp:1)
  A human simulacrum (Vaults:2)
  A deep troll simulacrum (Vaults:2)
  42 killer bees
  2 scorpions
  A water moccasin skeleton (D:8)
  10 wights
  2 electric eels
  2 quasits
  10 crimson imps
  2 giant frog zombies
  8 centaur zombies
  55 orc priests
  A demonspawn zombie (Crypt:1)
  4 giant frog skeletons
  17 hounds
  22 jellies
  Crazy Yiuf (D:2)
  33 orc wizards
  3 human zombies
  A yak simulacrum (Lair:7)
  6 centaur skeletons
  A goliath beetle (D:10)
  A demonspawn skeleton (Crypt:2)
  6 iguanas
  14 worker ants
  Natasha (thrice) (D:5)
  3 polar bear simulacra (Lair:7)
  A hell rat (Elf:3)
  17 sheep
  5 wolf simulacra (Lair:7)
  A tengu zombie (Crypt:1)
  A crocodile zombie (Crypt:1)
  An ogre skeleton (Lab)
  A hound skeleton (D:8)
  7 mummies
  Robin (D:4)
  24 adders
  10 gnolls
  43 river rats
  A shadow imp (D:11)
  A steam dragon skeleton (Crypt:1)
  4 giant mites
  12 worms
  2 adder zombies
  An adder skeleton (D:6)
  10 giant geckos
  2 oozes (Sewer)
  194 orcs
  A bat skeleton (D:7)
  6 giant cockroaches
  24 goblins
  28 hobgoblins
  21 jackals
  8 quokkas
  2 ball pythons
  A ball python skeleton (Crypt:1)
  A ball python zombie (D:6)
  28 bats
  8 giant newts
  3 giant spores
  A hobgoblin zombie (D:9)
  37 kobolds
  A kobold skeleton (Crypt:2)
  4 quokka skeletons
  21 rats
  2 river rat simulacra (Lair:7)
  6 ballistomycetes
  A crawling corpse (Elf:3)
2955 creatures vanquished.

Vanquished Creatures (collateral kills)
  A bone dragon (Depths:1)
  2 tentacled monstrosities
  A sphinx (Vaults:3)
  2 fire giants
  A greater naga (Snake:5)
  A draconian zealot (Zot:4)
  A draconian knight (Zot:3)
  An emperor scorpion (Depths:5)
  2 draconian shifters (Zot:4)
  A very ugly thing (Depths:3)
  A green draconian (Zot:3)
  A purple draconian (Zot:2)
  2 white draconians (Zot:4)
  A red draconian (Zot:3)
  A pale draconian (Zot:4)
  A black draconian (Depths:5)
  3 fire dragons
  A yaktaur captain (Vaults:4)
  A jiangshi (Vaults:2)
  An ice dragon (Zot:4)
  An ogre mage (Vaults:2)
  2 spriggan air magi (Depths:2)
  A great orb of eyes (Depths:1)
  A centaur warrior (Depths:2)
  A deep troll earth mage (Depths:5)
  2 deep troll shamans
  3 skeletal warriors (Depths:1)
  4 hell knights (Depths:5)
  A wizard (Depths:1)
  2 deathcaps (Zot:4)
  A hill giant (shapeshifter) (Depths:4)
  3 deep trolls
  A hill giant (Depths:1)
  A naga ritualist (Snake:5)
  A wolf spider (Vaults:3)
  4 necromancers
  An ugly thing (Depths:1)
  A phantasmal warrior (Depths:1)
  A deep elf conjurer (Vaults:3)
  A faun (shapeshifter) (Depths:5)
  A frost giant zombie (Depths:1)
  A salamander (shapeshifter) (Vaults:3)
  A black mamba (Snake:5)
  2 moths of wrath
  A frost giant skeleton (Depths:1)
  A rust devil (Depths:5)
  A dire elephant skeleton (Depths:1)
  2 two-headed ogres (Vaults:2)
  2 yaktaurs
  A deep elf priest (Elf:2)
  A wandering mushroom (Zot:4)
  A minotaur skeleton (Depths:1)
  A raven (Depths:2)
  A boulder beetle (Vaults:3)
  An ice dragon skeleton (Depths:1)
  A spriggan (Depths:2)
  A water elemental (Depths:3)
  A flying skull (Depths:1)
  2 deep elf fighters
  3 nagas (Snake:5)
  5 fire elementals (Zot:3)
  A deep troll skeleton (Depths:4)
  3 human skeletons (Depths:5)
  5 ogres
  3 centaurs (Depths:2)
  A boggart (Depths:2)
  An elf skeleton (Depths:1)
  2 orc wizards
  A mummy (Depths:1)
  3 gnolls (Depths:3)
  3 orcs
113 creatures vanquished.

Vanquished Creatures (others)
  A Killer Klown zombie (Zot:3)
  2 very ugly thing zombies (Depths:1)
  91 spectral weapons
  A storm dragon zombie (Zot:3)
  A death drake (Zot:5)
  2 golden dragon zombies (Zot:4)
  A harpy (Vaults:3)
  9 ugly thing zombies
  7 draconian zombies
  3 fire giant zombies
  4 stone giant zombies
  A moth of wrath (Zot:5)
  A centaur zombie (Vaults:2)
  A dire elephant zombie (Depths:3)
  3 purple draconian zombies
  A pale draconian zombie (Zot:5)
  2 death yak zombies (Depths:1)
  4 white draconian zombies
  2 yellow draconian zombies
  2 grey draconian zombies
  A red draconian zombie (Zot:3)
  A komodo dragon (Zot:5)
  An emperor scorpion zombie (Depths:4)
  2 black draconian skeletons (Zot:5)
  A white draconian skeleton (Zot:4)
  7 harpy zombies (Vaults:3)
  A hornet zombie (Vaults:3)
  A harpy skeleton (Vaults:3)
  4 moth of wrath zombies
  A griffon zombie (Vaults:4)
  5 ice dragon zombies
  A spriggan (Swamp:2)
  3 spriggan zombies (Depths:5)
  6 fire dragon zombies
  A raven (Depths:2)
  A fire dragon skeleton (Depths:3)
  2 ugly thing skeletons (Vaults:3)
  2 hill giant zombies
  A spriggan skeleton (Depths:5)
  A black mamba skeleton (Snake:5)
  3 raven zombies
  A ynoxinul (Depths:4)
  16 deep troll zombies
  A deep troll skeleton (Depths:2)
  18 human zombies
  A swamp drake (Zot:5)
  An ogre (Depths:2)
  An orc warrior (D:15)
  8 orc zombies
  A torpor snail zombie (Depths:3)
  2 swamp dragon skeletons
  11 yaktaur zombies
  8 lost souls
  2 tengu zombies (Depths:2)
  3 yak zombies (Depths:3)
  A boulder beetle zombie (Vaults:3)
  25 fulminant prisms
  5 two-headed ogre zombies
  2 elf skeletons (Vaults:3)
  A two-headed ogre skeleton (Vaults:3)
  8 elf zombies
  14 ogre zombies
  5 naga skeletons (Snake:5)
  2 ogre skeletons
  A shadow imp (D:9)
  An ufetubus (Orc:4)
  An orc (Orc:4)
  3 giant spores
  5 gnoll zombies (Depths:3)
  2 ballistomycetes (D:8)
  A butterfly (Snake:5)
  4 fungi
  6 plants
346 creatures vanquished.

Grand Total: 3414 creatures vanquished

Notes
Turn   | Place    | Note
--------------------------------------------------------------
     0 | D:1      | ghwc, the Spriggan Enchanter, began the quest for the Orb.
     0 | D:1      | Reached XP level 1. HP: 9/9 MP: 4/4
   260 | D:1      | Found a shattered altar of Ashenzari.
   280 | D:1      | Reached XP level 2. HP: 13/13 MP: 7/7
   631 | D:1      | Learned a level 2 spell: Ensorcelled Hibernation
  1368 | D:2      | Found a basalt altar of Yredelemnul.
  1674 | D:2      | Reached XP level 3. HP: 16/16 MP: 7/10
  2022 | D:2      | Reached XP level 4. HP: 21/21 MP: 7/14
  2102 | D:2      | Reached skill level 5 in Stealth
  2444 | D:2      | Noticed Crazy Yiuf
  2450 | D:2      | Killed Crazy Yiuf
  2644 | D:2      | Reached XP level 5. HP: 20/24 MP: 15/18
  2697 | D:3      | Reached skill level 5 in Hexes
  3189 | D:3      | Found a glowing golden altar of the Shining One.
  3438 | D:4      | Learned a level 3 spell: Confuse
  3441 | D:4      | Learned a level 2 spell: Sure Blade
  3490 | D:4      | Found a blossoming altar of Fedhas.
  3541 | D:4      | Found a glowing drain.
  3575 | Sewer    | Entered a sewer
  4006 | Sewer    | Reached XP level 6. HP: 25/28 MP: 20/20
  4261 | D:4      | Found a deep blue altar of Sif Muna.
  4265 | D:4      | Identified Sif Muna's Guide on Transmutation
  4270 | D:4      | Found a radiant altar of Vehumet.
  4274 | D:4      | Identified Vehumet's Incunabulum of Conjuration
  4278 | D:4      | Found an ancient bone altar of Kikubaaqudgha.
  4282 | D:4      | Identified Kikubaaqudgha's Guide on Dark Arts
  4292 | D:4      | Became a worshipper of Sif Muna the Loreminder
  4374 | D:4      | Reached skill level 6 in Stealth
  4596 | D:4      | Noticed Robin
  4834 | D:3      | Learned a level 1 spell: Beastly Appendage
  4836 | D:3      | Learned a level 1 spell: Animate Skeleton
  4851 | D:3      | Reached skill level 5 in Spellcasting
  4959 | D:4      | Killed Robin
  5016 | D:4      | Reached XP level 7. HP: 16/32 MP: 18/23
  5250 | D:4      | Found a shadowy altar of Dithmenos.
  5743 | D:5      | Entered Level 5 of the Dungeon
  6305 | D:5      | Found a burning altar of Makhleb.
  6308 | D:5      | Reached skill level 5 in Dodging
  6861 | D:5      | Noticed Natasha
  6871 | D:5      | Killed Natasha
  6885 | D:5      | Noticed Natasha
  6893 | D:5      | Killed Natasha
  6939 | D:5      | Noticed Natasha
  7037 | D:5      | Reached skill level 7 in Stealth
  7048 | D:5      | Noticed a moth of wrath
  7051 | D:5      | Found a bloodstained altar of Trog.
  7071 | D:5      | Killed Natasha
  7082 | D:5      | Reached skill level 1 in Charms
  7255 | D:6      | Acquired Sif Muna's first power
  7356 | D:6      | Found a glowing golden altar of the Shining One.
  7357 | D:6      | Found a runed door.
  7357 | D:6      | Noticed an angel
  7381 | D:6      | Found a sand-covered staircase.
  7400 | Ossuary  | Entered an ossuary
  7567 | Ossuary  | Reached XP level 8. HP: 31/36 MP: 16/25
  8066 | D:6      | Got a twitching iron ring
  8075 | D:6      | Identified the ring of Psiesajooh {rElec rPois Int+2 Dex+3 Stlth+} (You found it on level 6 of the Dungeon)
  8478 | D:7      | Found Luatz's Gadget Shop.
  8480 | D:7      | Found a snail-covered altar of Cheibriados.
  8721 | D:7      | Reached skill level 5 in Charms
  8840 | D:7      | Learned a level 2 spell: Stoneskin
  8847 | D:7      | Learned a level 6 spell: Statue Form
  8876 | D:7      | Found an opulent altar of Gozag.
  8926 | D:7      | Reached skill level 1 in Transmutations
  8953 | D:7      | Acquired Sif Muna's second power
  8953 | D:7      | Reached skill level 8 in Spellcasting
  9204 | D:7      | Reached skill level 1 in Earth Magic
  9204 | D:7      | Reached XP level 9. HP: 28/39 MP: 12/28
  9502 | D:7      | Reached skill level 5 in Short Blades
  9801 | D:7      | Found a staircase to the Ecumenical Temple.
 10290 | D:8      | Reached skill level 9 in Spellcasting
 10545 | D:8      | Found a staircase to the Lair.
 10725 | D:8      | Found a sacrificial altar of Ru.
 11155 | D:8      | Reached XP level 10. HP: 42/44 MP: 27/31
 11405 | Lair:1   | Entered Level 1 of the Lair of Beasts
 11458 | Lair:1   | Reached skill level 10 in Spellcasting
 11523 | Lair:1   | Reached skill level 10 in Stealth
 11569 | Lair:1   | Reached skill level 5 in Transmutations
 12202 | Lair:1   | Acquired Sif Muna's third power
 12202 | Lair:1   | Reached skill level 11 in Stealth
 12363 | Lair:1   | Learned a level 4 spell: Fulminant Prism
 12369 | Lair:1   | Learned a level 5 spell: Irradiate
 12406 | Lair:2   | Noticed Prince Ribbit
 12565 | Lair:2   | Noticed Erica
 12586 | Lair:2   | Killed Erica
 12586 | Lair:2   | Reached skill level 10 in Dodging
 12586 | Lair:2   | Reached XP level 11. HP: 47/47 MP: 26/32
 12710 | Lair:1   | Killed Prince Ribbit
 13273 | Lair:3   | Reached skill level 5 in Earth Magic
 13536 | Lair:3   | Found a staircase to the Swamp.
 13758 | Lair:3   | Found a labyrinth entrance.
 13765 | Lab      | Entered a labyrinth
 14087 | Lab      | Noticed a minotaur
 14102 | Lab      | Killed a minotaur
 14547 | Lair:4   | Noticed Nergalle
 14552 | Lair:4   | Killed Nergalle
 14552 | Lair:4   | Reached skill level 1 in Armour
 14573 | Lair:4   | Found a frozen archway.
 14739 | IceCv    | Entered an ice cave
 14978 | IceCv    | Noticed an ice statue
 14978 | IceCv    | Noticed an ice statue
 15601 | Lair:4   | Reached XP level 12. HP: 51/51 MP: 33/33
 15636 | Lair:4   | Learned a level 3 spell: Passwall
 15953 | Lair:4   | Reached skill level 10 in Short Blades
 16290 | Lair:5   | Reached skill level 5 in Armour
 16990 | Lair:5   | Found a staircase to the Snake Pit.
 17444 | Lair:5   | Noticed a six-headed hydra
 17447 | Lair:5   | Identified a +9 rod of destruction (12/12) (You took it off a minotaur in a labyrinth)
 17463 | Lair:5   | Killed a six-headed hydra
 17861 | Lair:6   | Noticed an eight-headed hydra
 17866 | Lair:6   | Killed an eight-headed hydra
 17872 | Lair:6   | Noticed a seven-headed hydra
 18253 | Lair:6   | Killed a seven-headed hydra
 18512 | Lair:6   | Noticed a dire elephant
 18521 | Lair:6   | Killed a dire elephant
 18832 | Lair:6   | Reached XP level 13. HP: 35/55 MP: 34/34
 18901 | Lair:6   | Noticed a dire elephant
 20495 | Lair:6   | Reached skill level 10 in Armour
 21524 | Lair:7   | Reached skill level 1 in Fighting
 21567 | Lair:7   | Found a dark tunnel.
 21572 | Volcano  | Entered a volcano
 21581 | Volcano  | Identified a scroll of acquirement
 22084 | Lair:7   | Reached skill level 1 in Conjurations
 23218 | Lair:8   | Entered Level 8 of the Lair of Beasts
 23224 | Lair:8   | Reached skill level 10 in Transmutations
 23265 | Lair:8   | Found a viscous altar of Jiyva.
 23265 | Lair:8   | Found a staircase to the Slime Pits.
 23567 | Lair:8   | Noticed Fannar
 23657 | Lair:8   | Killed Fannar
 23657 | Lair:8   | Received a gift from Sif Muna
 23658 | Lair:8   | Identified Sif Muna's Tome of Earthen Conjuration (Sif Muna gifted it to you on level 8 of the Lair of Beasts)
 24153 | Lair:8   | Reached XP level 14. HP: 65/65 MP: 30/35
 26962 | D:9      | Found a staircase to the Orcish Mines.
 27189 | Orc:1    | Entered Level 1 of the Orcish Mines
 27646 | Orc:2    | Noticed Maurice
 27658 | Orc:2    | Killed Maurice
 28242 | Orc:3    | Found a roughly hewn altar of Beogh.
 28713 | Orc:4    | Entered Level 4 of the Orcish Mines
 28799 | Orc:4    | Found a staircase to the Elven Halls.
 28902 | Orc:4    | Found Hyehaet's Food Shoppe.
 28906 | Orc:4    | Found Galarur's Food Emporium.
 29439 | Orc:4    | Reached skill level 5 in Fighting
 29756 | Orc:4    | Reached skill level 10 in Hexes
 30138 | Orc:4    | Reached skill level 12 in Transmutations
 30456 | Orc:4    | Bought a bread ration for 50 gold pieces
 30456 | Orc:4    | Bought a bread ration for 50 gold pieces
 30456 | Orc:4    | Bought a bread ration for 50 gold pieces
 30456 | Orc:4    | Bought a slice of pizza for 15 gold pieces
 30456 | Orc:4    | Bought a bread ration for 50 gold pieces
 30456 | Orc:4    | Bought a bread ration for 50 gold pieces
 30458 | Orc:4    | Bought a bread ration for 50 gold pieces
 30458 | Orc:4    | Bought a bread ration for 50 gold pieces
 30458 | Orc:4    | Bought a bread ration for 50 gold pieces
 30480 | Orc:4    | Received a gift from Sif Muna
 30514 | Orc:4    | Identified Sif Muna's Easy Thaumaturgy (Sif Muna gifted it to you on level 4 of the Orcish Mines)
 31193 | Orc:4    | Reached skill level 5 in Conjurations
 31598 | Orc:4    | Found Ficoas' Antique Weapon Shop.
 31598 | Orc:4    | Found Kluzeon's Gadget Boutique.
 31604 | Orc:4    | Found a one-way gate leading to the halls of Pandemonium.
 32287 | D:10     | Entered Level 10 of the Dungeon
 32378 | D:10     | Got a brightly glowing buckler
 32384 | D:10     | Identified the +0 buckler "Poazxy" {rElec rF- Dex+7} (You acquired it on level 10 of the Dungeon)
 33130 | D:11     | Learned a level 3 spell: Flight
 33227 | D:11     | Reached XP level 15. HP: 73/73 MP: 36/36
 33280 | D:11     | Noticed Sonja
 33283 | D:11     | Killed Sonja
 33833 | D:12     | Noticed Erolcha
 33836 | D:12     | Killed Erolcha
 34330 | D:12     | Found Dumom's Antique Weapon Shop.
 34551 | D:13     | Found Yzaynli's Armour Shop.
 34558 | D:13     | Bought a +0 cloak of magic resistance for 126 gold pieces
 34929 | D:13     | Found Skixai Mnoph's Distillery.
 34932 | D:13     | Bought a potion of curing for 30 gold pieces
 34932 | D:13     | Bought a potion of heal wounds for 50 gold pieces
 34932 | D:13     | Bought 2 potions of agility for 80 gold pieces
 34932 | D:13     | Bought a potion of invisibility for 80 gold pieces
 34932 | D:13     | Bought a potion of heal wounds for 50 gold pieces
 36061 | D:13     | Found a gate to the Vaults.
 36966 | D:14     | Noticed Azrael
 37008 | D:14     | Killed Azrael
 37185 | D:14     | Noticed Nessos
 37189 | D:14     | Killed Nessos
 37994 | D:14     | Received a gift from Sif Muna
 38005 | D:14     | Identified Sif Muna's Guide on Bewitchment (Sif Muna gifted it to you on level 14 of the Dungeon)
 38010 | D:14     | Learned a level 3 spell: Spectral Weapon
 38058 | D:14     | Reached skill level 1 in Air Magic
 38227 | D:15     | Entered Level 15 of the Dungeon
 38694 | D:15     | Noticed Maud
 38749 | D:15     | Killed Maud
 39003 | D:15     | Found a staircase to the Depths.
 39377 | Swamp:1  | Entered Level 1 of the Swamp
 39619 | Swamp:1  | Noticed Louise
 39620 | Swamp:1  | Noticed Nikola
 39657 | Swamp:1  | Killed Louise
 39660 | Swamp:1  | Killed Nikola
 39965 | Swamp:1  | Noticed Rupert
 40023 | Swamp:1  | Killed Rupert
 40023 | Swamp:1  | Reached XP level 16. HP: 58/82 MP: 20/37
 40167 | Swamp:1  | Learned a level 3 spell: Dazzling Spray
 42082 | Swamp:3  | Got a creamy pearl robe
 42093 | Swamp:3  | Identified the +4 robe of Mucaoq {rC+ Dex+3 Stlth+} (You found it on level 3 of the Swamp)
 42781 | Swamp:4  | HP: 4/84 [spiny frog (11)]
 43293 | Swamp:4  | Noticed Frelus' ghost (mighty MiBe)
 43710 | Swamp:4  | Noticed CcS's ghost (mighty SpEn)
 43751 | Swamp:4  | Killed CcS's ghost
 43751 | Swamp:4  | Reached skill level 10 in Fighting
 43938 | Lair:2   | Learned a level 6 spell: Haste
 44155 | Swamp:4  | Killed Frelus' ghost
 44600 | Swamp:5  | Entered Level 5 of the Swamp
 44623 | Swamp:5  | Reached skill level 13 in Transmutations
 45299 | Swamp:5  | Reached skill level 10 in Charms
 45596 | Swamp:5  | Received a gift from Sif Muna
 45633 | Swamp:5  | Identified Woangin's Grimoire of Protection and Evil (Sif Muna gifted it to you on level 5 of the Swamp)
 45981 | Swamp:5  | Noticed the 27-headed Lernaean hydra
 46337 | Swamp:5  | Reached skill level 1 in Shields
 46458 | Swamp:4  | Reached XP level 17. HP: 45/89 MP: 34/38
 47334 | Swamp:5  | Got a decaying rune of Zot
 47432 | Swamp:5  | Killed the 27-headed Lernaean hydra
 47628 | Lair:2   | Learned a level 2 spell: Repel Missiles
 47732 | Snake:1  | Entered Level 1 of the Snake Pit
 48962 | Snake:2  | Noticed Kirke
 49192 | Snake:2  | Killed Kirke
 49948 | Snake:2  | Reached skill level 5 in Shields
 50885 | Lair:2   | Learned a level 4 spell: Animate Dead
 50891 | Lair:2   | Learned a level 4 spell: Petrify
 51277 | Snake:3  | Noticed Frances
 51297 | Snake:3  | Killed Frances
 51297 | Snake:3  | Reached skill level 14 in Charms
 51939 | Snake:4  | Noticed Mara
 51960 | Snake:4  | Noticed ghwc's illusion
 51968 | Snake:4  | Killed Mara
 52015 | Snake:4  | Noticed Vashnia
 52017 | Snake:4  | Noticed Aizul
 52120 | Snake:4  | Found Cear's General Store.
 52125 | Snake:4  | Bought a potion of beneficial mutation for 350 gold pieces
 52129 | Snake:4  | Gained mutation: You evolve. [potion of beneficial mutation]
 52533 | Snake:4  | Killed Aizul
 52824 | Snake:4  | Got a vibrating tin ring
 52890 | Snake:4  | Received a gift from Sif Muna
 52890 | Snake:4  | Reached XP level 18. HP: 58/93 MP: 7/40
 52939 | Snake:4  | Killed Vashnia
 52942 | Snake:4  | Identified Sif Muna's Collected Works on Frigorific Enchantment (Sif Muna gifted it to you on level 4 of the Snake Pit)
 53396 | Snake:4  | Identified the ring "Lateteor" {rPois rC+ MR+ Str-2 Int-3 Dex+3} (You found it on level 4 of the Snake Pit)
 53590 | Snake:5  | Entered Level 5 of the Snake Pit
 53763 | Snake:5  | Noticed Norris
 53781 | Snake:5  | Killed Norris
 54003 | Snake:5  | Noticed comborobin's ghost (mighty DrSu)
 54023 | Snake:5  | Killed comborobin's ghost
 54849 | Snake:5  | Reached skill level 1 in Necromancy
 55728 | Snake:5  | Got a serpentine rune of Zot
 56536 | Vaults:1 | Entered Level 1 of the Vaults
 56580 | Vaults:1 | Received a gift from Sif Muna
 56591 | Vaults:1 | Identified Sif Muna's Reference Book on Assistive Transmutation (Sif Muna gifted it to you on level 1 of the Vaults)
 56654 | Vaults:1 | Found Summufuh's Weapon Shop.
 57169 | Vaults:1 | Reached skill level 5 in Necromancy
 58131 | Vaults:2 | Noticed Jory
 58156 | Vaults:2 | Killed Jory
 58267 | Vaults:2 | Reached XP level 19. HP: 51/98 MP: 36/41
 59029 | Vaults:2 | Received a gift from Sif Muna
 59030 | Vaults:2 | Identified Sif Muna's Volume of Bewitching Aid (Sif Muna gifted it to you on level 2 of the Vaults)
 59199 | Vaults:2 | Found a staircase to the Crypt.
 59307 | Vaults:2 | Reached skill level 15 in Spellcasting
 59852 | Vaults:3 | Reached skill level 15 in Transmutations
 60246 | Vaults:3 | Found Iblipsa's Book Shoppe.
 60825 | Vaults:3 | Bought the Collected Works on Translocation for 1637 gold pieces
 60832 | Vaults:3 | Learned a level 5 spell: Gell's Gravitas
 60863 | Vaults:3 | Reached skill level 1 in Translocations
 61555 | Vaults:3 | Got a flickering tin amulet
 61805 | Vaults:3 | Identified the amulet "Trasch" {rF+ Regen+} (You took it off a vault guard on level 3 of the Vaults)
 61963 | Vaults:3 | Noticed Frederick
 62005 | Vaults:3 | Killed Frederick
 62257 | Vaults:3 | Reached skill level 5 in Translocations
 62557 | Vaults:3 | Reached skill level 16 in Spellcasting
 62564 | Vaults:3 | Received a gift from Sif Muna
 62566 | Vaults:3 | Identified Bekhlerr's Reference Book on Combat Magic and Darkness (Sif Muna gifted it to you on level 3 of the Vaults)
 63013 | Vaults:4 | Reached XP level 20. HP: 55/105 MP: 5/43
 63247 | Vaults:4 | Learned a level 1 spell: Apportation
 63344 | Vaults:4 | Found Plucau's Weapon Emporium.
 63748 | Vaults:4 | Noticed Agnes
 64360 | Vaults:4 | Killed Agnes
 65050 | Vaults:4 | Noticed a golden dragon
 65200 | Vaults:4 | Killed a golden dragon
 65211 | Vaults:4 | Reached skill level 15 in Dodging
 65916 | Elf:1    | Entered Level 1 of the Elven Halls
 66107 | Lair:2   | Learned a level 5 spell: Metabolic Englaciation
 66378 | Elf:1    | Reached skill level 1 in Ice Magic
 66522 | Elf:1    | Noticed Urug
 66536 | Elf:1    | Killed Urug
 66669 | Elf:1    | Identified Cigotuvi's Reference Book on Dark Rituals
 66704 | Elf:1    | Found Xoico's Jewellery Shop.
 67684 | Elf:2    | Found a huge runed gate.
 67685 | Elf:2    | Found a huge runed gate.
 67685 | Elf:2    | Found a huge runed gate.
 67691 | Elf:2    | Found a huge runed gate.
 67695 | Elf:2    | Found a huge runed gate.
 68002 | Elf:2    | Noticed Saint Roka
 68219 | Elf:2    | Killed Saint Roka
 68661 | Elf:2    | Your ally Saint Roka died
 68844 | Elf:2    | Reached XP level 21. HP: 112/112 MP: 41/43
 69006 | Elf:3    | Entered Level 3 of the Elven Halls
 69221 | Elf:3    | Reached skill level 5 in Ice Magic
 69315 | Elf:3    | Noticed Jorgrun
 69413 | Elf:3    | Received a gift from Sif Muna
 69507 | Elf:3    | Killed Jorgrun
 69990 | Elf:3    | Found Chokeo's Antique Armour Boutique.
 70586 | Lair:1   | Gained mutation: You are partially covered in thin metallic scales (AC +2). [evolution]
 70958 | Elf:3    | Reached skill level 17 in Dodging
 71030 | Elf:3    | Identified Waunn's Disquisition on Companions
 71424 | Lair:2   | Learned a level 6 spell: Invisibility
 71739 | Depths:1 | Entered Level 1 of the Depths
 72614 | Depths:1 | Found a portal to a secret trove of treasure.
 72664 | Depths:1 | Found Boiryi's Magic Scroll Shop.
 72883 | Depths:1 | Reached skill level 18 in Dodging
 73769 | Depths:1 | Identified a +2 rod of inaccuracy (10/10) (You found it on level 1 of the Depths)
 73833 | Depths:1 | Reached XP level 22. HP: 119/119 MP: 42/44
 73941 | Depths:1 | Identified the Collected Works on Stolen Souls
 73977 | Depths:1 | Found a gateway to Hell.
 74281 | Depths:2 | Noticed the Enchantress
 74337 | Depths:2 | Reached skill level 19 in Dodging
 75083 | Depths:2 | Found a corrupted altar of Lugonu.
 75083 | Depths:2 | Found a one-way gate to the infinite horrors of the Abyss.
 75685 | Depths:2 | Received a gift from Sif Muna
 75686 | Depths:2 | Identified Sif Muna's Papyrus of Enchantment and Transmutation (Sif Muna gifted it to you on level 2 of the Depths)
 76618 | Depths:3 | Learned a level 2 spell: Blink
 76756 | Depths:3 | Reached skill level 20 in Dodging
 76855 | Depths:3 | Got a crude brass ring
 76877 | Depths:3 | Identified the ring "Wojefif" {Contam +Inv Dex+6} (You found it on level 3 of the Depths)
 78412 | Depths:4 | Reached skill level 15 in Fighting
 78472 | Depths:4 | Reached XP level 23. HP: 74/126 MP: 37/45
 78724 | Depths:4 | Noticed Sojobo
 79171 | Depths:4 | Killed Sojobo
 79174 | Depths:4 | Reached skill level 21 in Dodging
 79248 | Depths:4 | Gained mutation: You are resistant to hostile enchantments. [evolution]
 79248 | Depths:4 | Lost mutation: You evolve. [end of evolution]
 79829 | Depths:4 | Gained mutation: You are frail (-10% HP). [a neqoxec]
 80146 | Depths:5 | Entered Level 5 of the Depths
 80238 | Depths:5 | Found a gateway to a ziggurat.
 81491 | Depths:5 | Received a gift from Sif Muna
 81492 | Depths:5 | Identified Sif Muna's Compendium of Good Luck (Sif Muna gifted it to you on level 5 of the Depths)
 81973 | Depths:5 | Found a snail-covered altar of Cheibriados.
 82220 | Depths:5 | Found a gate to the Realm of Zot.
 82385 | Depths:5 | Reached skill level 22 in Dodging
 82922 | Lair:1   | Noticed an eight-headed hydra
 82932 | Lair:1   | Killed an eight-headed hydra
 82986 | Lair:2   | Learned a level 4 spell: Alistair's Intoxication
 83514 | Lair:2   | Learned a level 5 spell: Dispel Undead
 83913 | Crypt:1  | Entered Level 1 of the Crypt
 84747 | Crypt:2  | Reached XP level 24. HP: 90/119 MP: 44/46
 85068 | Crypt:2  | Noticed Khufu
 85069 | Crypt:2  | Noticed a greater mummy
 85733 | Crypt:3  | Entered Level 3 of the Crypt
 86854 | Crypt:3  | Found a basalt altar of Yredelemnul.
 86859 | Crypt:3  | Reached skill level 10 in Necromancy
 86868 | Crypt:3  | Received a gift from Sif Muna
 86874 | Crypt:3  | Identified Sif Muna's Tome of the Voyage (Sif Muna gifted it to you on level 3 of the Crypt)
 87567 | Crypt:3  | Got a shimmering robe
 87578 | Crypt:3  | Identified the cursed -2 robe of the Bulwark {rN++} (You found it on level 3 of the Crypt)
 88306 | Crypt:3  | Received a gift from Sif Muna
 88316 | Crypt:3  | Identified Sif Muna's Reference Book on the Oath and Enhancements (Sif Muna gifted it to you on level 3 of the Crypt)
 88734 | Crypt:3  | Found a staircase to the Tomb.
 88985 | Crypt:3  | Got a dazzling scimitar
 88986 | Crypt:3  | Identified the cursed +0 scimitar of Extermination {venom, Stlth+} (You found it on level 3 of the Crypt)
 90188 | Lair:2   | Identified a +0 rod of shadows (9/9) (You took it off a vampire mage on level 3 of the Crypt)
 90197 | Lair:2   | Lost mutation: You are partially covered in thin metallic scales (AC +2). [potion of cure mutation]
 90197 | Lair:2   | Lost mutation: You are frail (-10% HP). [potion of cure mutation]
 90197 | Lair:2   | Lost mutation: You are resistant to hostile enchantments. [potion of cure mutation]
 90427 | Elf:1    | Bought an uncursed amulet of resist mutation for 640 gold pieces
 90427 | Elf:1    | Bought the amulet of Qisuuf {Faith rPois rF+ rN+ Int-4} for 864 gold pieces
 90842 | Slime:1  | Entered Level 1 of the Pits of Slime
 91989 | Slime:6  | Entered Level 6 of the Pits of Slime
 92416 | Slime:6  | Reached XP level 25. HP: 122/139 MP: 43/47
 92871 | Slime:6  | Found a viscous altar of Jiyva.
 92876 | Slime:6  | Noticed the royal jelly
 92929 | Slime:6  | Reached skill level 23 in Dodging
 94100 | Slime:6  | Killed the royal jelly
 94587 | Slime:6  | Identified the Catalogue of Dusty Flames
 94626 | Slime:6  | Got a slimy rune of Zot
 95009 | Lair:2   | Got a transparent cloak
 95020 | Lair:2   | Identified the -2 cloak of Buumm {-Cast +Blink rF+ Regen+ Slay+2} (You acquired it on level 2 of the Lair of Beasts)
 95468 | Zot:1    | Entered Level 1 of the Realm of Zot
 95619 | Zot:1    | Reached skill level 24 in Dodging
 96598 | Zot:2    | Reached skill level 25 in Dodging
 96804 | Zot:2    | Noticed an orb of fire
 98610 | Zot:3    | Reached skill level 26 in Dodging
 99716 | Zot:4    | Reached skill level 27 in Dodging
 99878 | Zot:4    | Reached XP level 26. HP: 145/145 MP: 45/47
101599 | Depths:1 | You paid a toll of 6 potions of haste to enter a treasure trove
101600 | Trove    | Entered a treasure trove
101618 | Trove    | Got an ancient platinum amulet
101627 | Trove    | Got a slimy iron amulet
101629 | Trove    | Got a twitching marble ring
101635 | Trove    | Got a shimmering ruby amulet
101654 | Depths:1 | Identified the amulet "Iraiger" {Clar rC+ Int+3 Dex+2} (You found it in a treasure trove)
101655 | Depths:1 | Identified the ring of Gupisch {Ice rPois MR- Int+2 SInv} (You found it in a treasure trove)
101656 | Depths:1 | Identified the amulet of Ska Threi {Gourm rPois rF+} (You found it in a treasure trove)
101657 | Depths:1 | Identified the amulet "Ximer" {Faith Int+4} (You found it in a treasure trove)
102078 | Lair:2   | Learned a level 5 spell: Excruciating Wounds
102744 | Zot:5    | Entered Level 5 of the Realm of Zot
104204 | Zot:5    | Noticed an orb of fire
104210 | Zot:5    | Noticed an orb of fire
104215 | Zot:5    | Gained mutation: You expend magic power (3 MP) to slightly strengthen your wands. [an orb of fire]
104219 | Zot:5    | Noticed an orb of fire
104345 | Zot:5    | Noticed an orb of fire
104539 | Zot:5    | Gained mutation: You have difficulty communicating with the divine. [an orb of fire]
104545 | Zot:5    | Noticed an orb of fire
104552 | Zot:5    | Noticed an orb of fire
104553 | Zot:5    | Noticed an ancient lich
104561 | Zot:5    | Noticed an orb of fire
104569 | Zot:5    | Gained mutation: Your body is slowly deteriorating. [an orb of fire]
104640 | Zot:5    | Noticed an ancient lich
104643 | Zot:5    | Killed an ancient lich
105840 | Zot:5    | Killed an ancient lich
105890 | Zot:5    | HP: 1/154 [orb of fire (10)]
105917 | Zot:5    | Noticed an orb of fire
105932 | Zot:5    | HP: 2/154 [orb of fire/fireball (66)]
106228 | Zot:5    | Noticed an ancient lich
106230 | Zot:5    | Killed an ancient lich
106230 | Zot:5    | Reached XP level 27. HP: 140/158 MP: 32/48
106315 | Zot:5    | Noticed an orb of fire
106320 | Zot:5    | Gained mutation: You are weak. (Str -2) [an orb of fire]
106321 | Zot:5    | Gained mutation: Space occasionally distorts in your vicinity. [an orb of fire]
106326 | Zot:5    | Gained mutation: Your body is deteriorating. [an orb of fire]
106548 | Zot:5    | Noticed an orb of fire
106609 | Zot:5    | Lost mutation: You expend magic power (3 MP) to slightly strengthen your wands. [an orb of fire]
106612 | Zot:5    | Killed an orb of fire
106845 | Zot:5    | Got the Orb of Zot
106885 | Zot:4    | Lost mutation: Your body is deteriorating. [potion of cure mutation]
106885 | Zot:4    | Lost mutation: Your body is slowly deteriorating. [potion of cure mutation]
106885 | Zot:4    | Lost mutation: You are weak. (Str -2) [potion of cure mutation]
106886 | Zot:4    | Lost mutation: You have difficulty communicating with the divine. [potion of cure mutation]
106886 | Zot:4    | Lost mutation: Space occasionally distorts in your vicinity. [potion of cure mutation]
107015 | Depths:5 | Noticed Qischis the pandemonium lord
107350 | D:7      | Noticed a seraph
107378 | D:6      | Noticed Psait the pandemonium lord
107556 | D:$      | Escaped with the Orb!

Action                   |  1- 3 |  4- 6 |  7- 9 | 10-12 | 13-15 | 16-18 | 19-21 | 22-24 | 25-27 || total
-------------------------+-------+-------+-------+-------+-------+-------+-------+-------+-------++-------
Melee: Dagger            |    90 |   293 |   581 |  1020 |   494 |       |       |       |       ||  2478
       Quick blade       |       |       |       |       |  3280 |  2449 |  2724 |  3312 |  2295 || 14060
 Fire: Blowgun           |       |       |       |     2 |     2 |       |       |       |       ||     4
 Cast: Ensorcelled Hiber |    14 |    16 |    57 |    66 |    39 |       |       |       |       ||   192
       Confuse           |       |       |    60 |    33 |    49 |       |       |       |       ||   142
       Sure Blade        |       |       |     6 |    10 |     2 |     3 |       |       |     5 ||    26
       Stoneskin         |       |       |     1 |       |     4 |    11 |    11 |    10 |    11 ||    48
       Animate Skeleton  |       |       |       |     1 |       |    18 |       |       |       ||    19
       Passwall          |       |       |       |     4 |    14 |     1 |       |       |       ||    19
       Fulminant Prism   |       |       |       |       |    26 |       |       |       |       ||    26
       Flight            |       |       |       |       |     9 |    54 |       |       |       ||    63
       Spectral Weapon   |       |       |       |       |     6 |    98 |    78 |   119 |    90 ||   391
       Dazzling Spray    |       |       |       |       |       |    33 |       |       |       ||    33
       Statue Form       |       |       |       |       |       |     3 |     1 |     2 |     7 ||    13
       Haste             |       |       |       |       |       |     2 |     5 |    12 |    15 ||    34
       Petrify           |       |       |       |       |       |    12 |     7 |     7 |       ||    26
       Repel Missiles    |       |       |       |       |       |     6 |     3 |     2 |     2 ||    13
       Animate Dead      |       |       |       |       |       |    10 |    58 |    53 |    31 ||   152
       Gell's Gravitas   |       |       |       |       |       |       |     8 |     7 |       ||    15
       Irradiate         |       |       |       |       |       |       |     2 |       |       ||     2
       Metabolic Englaci |       |       |       |       |       |       |     2 |     4 |     9 ||    15
       Invisibility      |       |       |       |       |       |       |     1 |       |     2 ||     3
       Blink             |       |       |       |       |       |       |       |     3 |    11 ||    14
       Apportation       |       |       |       |       |       |       |       |     1 |     1 ||     2
       Dispel Undead     |       |       |       |       |       |       |       |   170 |    10 ||   180
       Alistair's Intoxi |       |       |       |       |       |       |       |     2 |     5 ||     7
       Excruciating Woun |       |       |       |       |       |       |       |       |     2 ||     2
Invok: Forget Spell      |       |       |       |       |     1 |     4 |     2 |     1 |       ||     8
 Abil: End Transformatio |       |       |       |       |       |     1 |       |       |     1 ||     2
Evoke: Wand              |       |       |       |     4 |     5 |       |     6 |     6 |     6 ||    27
       Rod               |       |       |       |     3 |     6 |     3 |       |       |       ||    12
       Disc of storms    |       |       |       |       |     9 |       |       |       |       ||     9
  Use: Scroll            |       |    11 |     6 |    19 |    21 |     8 |    10 |     5 |    38 ||   118
       Potion            |       |     1 |       |     9 |    12 |    19 |     4 |     3 |    20 ||    68
 Stab: Sleeping          |    16 |    19 |    49 |    99 |    91 |    42 |    42 |    34 |    16 ||   408
       Distracted        |     1 |       |       |     1 |    15 |    52 |    46 |    55 |    56 ||   226
       Confused          |       |       |    44 |    20 |    29 |       |     1 |       |     4 ||    98
       Invisible         |       |       |       |     1 |     4 |    15 |    17 |       |    23 ||    60
       Petrified         |       |       |       |       |       |     2 |     4 |       |       ||     6
       Petrifying        |       |       |       |       |       |     2 |       |       |       ||     2
  Eat: Pizza             |       |     1 |     1 |       |     2 |     1 |     1 |       |     1 ||     7
       Bread ration      |       |     1 |       |     1 |       |       |       |     5 |     5 ||    12
       Fruit             |       |       |     3 |     4 |    21 |    26 |    10 |       |       ||    64
       Royal jelly       |       |       |       |       |     2 |       |     9 |     6 |       ||    17
